cohdb
Replays
Latest Replays
All Replays
Popular Replays
Top Player Replays
Match Explorer
How It Works
Community
CoH3 Stats
Reddit
Sign in to upload your games and track your stats! →
Sign in with Steam
Match 41401411
Unlisted
Match 41401411
Overview
Messages
Build Orders
End
Vickers Machine Gun Team
Construct Section Command Post
Dingo Light Scout Car
Infantry Section
Infantry Section
Infantry Section
Construct Platoon Command Post
Humber Armored Car
Selects Heavy Armor Battlegroup
Selects Rigorous Vehicle Training
CMP 15cwt Truck
6-pounder Anti-tank Gun Team
Unlock Bishop Self-propelled Artillery
Bishop Self-propelled Artillery
Selects Forward Repair Assembly
Bishop Self-propelled Artillery
Raiden
szwed
Ashirvad Patel
AAAAAAAA
我小叮当今晚要搞事!
Skibidi Rizzler
欧阳黑奔
starlight
0
0
Comments
sign in to comment!
No comments posted yet!